 Dungeon Crawl Stone Soup version 0.29.1-1-gd02db6906a (webtiles) character file.

Game seed: 16191291965575586332

84 GeoRichter the Charlatan (level 4, 0/34 HPs)
             Began as a Demonspawn Artificer on Oct 17, 2022.
             Succumbed to a goblin's poison
             ... on level 2 of the Dungeon.
             The game lasted 00:05:28 (2487 turns).

GeoRichter the Charlatan (Demonspawn Artificer)     Turns: 2487, Time: 00:05:29

Health: 0/34       AC:  3    Str: 12    XL:     4   Next: 23%
Magic:  4/4        EV: 11    Int: 13    God:
Gold:   136        SH:  0    Dex: 15    Spells: 3/3 levels left

rFire   . . .      SeeInvis .   h - +3 short sword
rCold   . . .      Faith    .   (no shield)
rNeg    . . .      Spirit   .   b - +0 leather armour
rPois   .          Reflect  .   (helmet restricted)
rElec   .          Harm     .   (no cloak)
rCorr   .          Rampage  .   (no gloves)
Will    .....                   (no boots)
Stlth   +.........              (no amulet)
HPRegen 0.11/turn               (no ring)
MPRegen 0.09/turn               (no ring)

@: lethally poisoned (0 -> -5)
A: antennae 1, demonic guardian 1
a: no special abilities


You were on level 2 of the Dungeon.
You visited 1 branch of the dungeon, and saw 2 of its levels.

You collected 136 gold pieces.

Inventory:

Hand Weapons
 h - a +3 short sword (weapon)
   (You took it off a kobold on level 1 of the Dungeon)
 j - a +0 sling
   (You found it on level 2 of the Dungeon)
Missiles
 f - 6 poisoned darts
 m - a throwing net {!f}
Armour
 b - a +0 leather armour (worn)
Wands
 c - a wand of flame (10) (quivered)
 d - a wand of charming (12)
 e - a wand of iceblast (4)
Scrolls
 a - a scroll of identify {unknown}
 i - a scroll of fear {unknown}
 k - a scroll of immolation {unknown}
 l - a scroll of amnesia {unknown}


   Skills:
 + Level 2.4 Fighting
 - Level 1.7 Armour
 - Level 0.8 Dodging
 - Level 0.8 Stealth
 * Level 4.5 Evocations


You had 3 spell levels left.
You didn't know any spells.
Your spell library was empty.

Dungeon Overview and Level Annotations

Branches:
Dungeon (2/15) Zot: 9499

Altars:

Shops:
D:2 (


Innate Abilities, Weirdness & Mutations

You have a pair of small antennae on your head.
A weak demonic guardian rushes to your aid.


Message History

* * * LOW HITPOINT WARNING * * *
You feel very sick. The gnoll barely misses your ufetubus.
Your ufetubus closely misses the gnoll.
Your ufetubus hits the gnoll.
It was a potion of ambrosia.
You are confused.
You feel invigorated.
* * * LOW HITPOINT WARNING * * *
You feel sick.
Your ufetubus hits the gnoll.
The gnoll dies!
The goblin hits you but does no damage.
You are more poisoned.
The worm barely misses your ufetubus.
* * * LOW HITPOINT WARNING * * *
You feel very sick.
You're too confused to move!
* * * LOW HITPOINT WARNING * * *
You feel very sick. The kobold hits you but does no damage.
The goblin hits you with a +2 dagger of venom.
* * * LOW HITPOINT WARNING * * *
You are more poisoned.
Unknown command.
You puncture the goblin!
You kill the goblin!
* * * LOW HITPOINT WARNING * * *
You feel very sick.
The kobold hits you with a +0 short sword.
* * * LOW HITPOINT WARNING * * *
Your ufetubus barely misses the kobold.
Your ufetubus hits the kobold. The kobold closely misses you.
* * * LOW HITPOINT WARNING * * *
You feel very sick.
Your ufetubus hits the kobold.
The kobold dies!
* * * LOW HITPOINT WARNING * * *
You feel very sick. The worm bites your ufetubus.
You're too confused to move!
You feel less invigorated.
You feel less confused.
* * * LOW HITPOINT WARNING * * *
You feel very sick.
Your ufetubus hits the worm.
Your ufetubus barely misses the worm.
Your ufetubus hits the worm.
Your ufetubus barely misses the worm.
* * * LOW HITPOINT WARNING * * *
You feel sick.
You aren't carrying any potions.
* * * LOW HITPOINT WARNING * * *
You feel sick.
You die...

#..##..†#....####.....#
#.# #.g{#.)..# ###...#{
#.###gS##.)w.#######..#
#......###.5†.....##..#
#.....## #...#....###.#
#...### #...#....# #.#
#w#### ##))##...#
#†##### #w...#
#..####.###.#...#
#.......#
##....@.....#...#
.........
##.............#
#....K...
###.......#÷..#
#.###S### ####....#<..#
#.# )). ####.#...# #.#
.S. ..#...# #.# ..
..#..## ...#.## ##.###


There were no monsters in sight!

Vanquished Creatures
  2 gnolls (D:2)
  A dart slug (D:2)
  5 ball pythons
  5 bats
  3 endoplasms
  A giant cockroach (D:1)
  4 goblins
  3 hobgoblins
  8 jackals
  4 kobolds
  A quokka (D:1)
  A frilled lizard (D:2)
  6 rats (D:1)
44 creatures vanquished.

Vanquished Creatures (collateral kills)
  A gnoll (D:2)
  A ball python (D:2)
  A kobold (D:2)
3 creatures vanquished.

Vanquished Creatures (others)
  A gnoll (D:2)
  2 ball pythons (D:2)
3 creatures vanquished.

Grand Total: 50 creatures vanquished

Notes
Turn   | Place    | Note
-------+----------+-------------------------------------------
     0 | D:1      | GeoRichter the Demonspawn Artificer began the quest for the
                  | Orb.
     0 | D:1      | Reached XP level 1. HP: 15/15 MP: 1/1
   703 | D:1      | Gained mutation: You have a pair of small antennae on your
                  | head. [demonic ancestry]
   703 | D:1      | Reached XP level 2. HP: 15/21 MP: 2/2
  1109 | D:1      | Found a faded altar of an unknown god.
  1882 | D:2      | Found Unkua's Antique Weapon Emporium.
  1912 | D:2      | Reached XP level 3. HP: 22/27 MP: 3/3
  2179 | D:2      | Reached skill level 4 in Evocations
  2447 | D:2      | Gained mutation: A weak demonic guardian rushes to your
                  | aid. [demonic ancestry]
  2447 | D:2      | Reached XP level 4. HP: 33/33 MP: 4/4
  2486 | D:2      | HP: 1/34 [poisoned by a goblin]
  2487 | D:2      | Succumbed to a goblin's poison

Illustrated notes

Levels and vault maps discovered:
D:1:      denvon_arrival_waterhouse, layout_basic,
          chequers_ecumenical_altar_simple
D:2:      minmay_recursive_quarters, layout_rooms, serial_shops,
          nicolae_shop_temple_entry_statues_fountains, minivault_4

Skill      XL: |  1  2  3 |
---------------+----------+-----
Evocations     | 4 |  4.5
Fighting       | 2 |  2.4
Armour         | |  1.7
Dodging        | |  0.8
Stealth        | |  0.8

Action                   |  1- 3 |  4- 6 || total
-------------------------+-------+-------++-------
Melee: Club              |    18 |       ||    18
       Dagger            |    53 |       ||    53
       Punch             |     2 |       ||     2
       Short sword       |    60 |     6 ||    66
 Fire: Sling             |     2 |       ||     2
Evoke: Wand              |     6 |     3 ||     9
  Use: Potion            |       |     1 ||     1
 Stab: Distracted        |     1 |       ||     1
Armor: Leather armour    |    54 |     8 ||    62
Dodge: Dodged            |   106 |    11 ||   117
